 Dungeon Crawl Stone Soup version 0.29.1-2-gbd0b4ee654 (webtiles) character file.

Game seed: 4078386918375635084

102 zeram the Ducker (level 4, -1/23 HPs)
             Began as a Spriggan Fighter on Nov 2, 2022.
             Splashed by a jelly's acid (9 damage)
             ... on level 1 of the Dungeon.
             The game lasted 00:03:06 (2884 turns).

zeram the Ducker (Spriggan Fighter)                 Turns: 2884, Time: 00:03:07

Health: -1/23      AC:  2    Str: 12    XL:     4   Next: 49%
Magic:  8/8        EV: 17    Int: 11    God:
Gold:   91         SH:  6    Dex: 14    Spells: 7/7 levels left

rFire   . . .      SeeInvis +   a - +0 rapier
rCold   . . .      Faith    .   c - +0 buckler
rNeg    . . .      Spirit   .   b - +0 robe
rPois   .          Reflect  .   (helmet restricted)
rElec   .          Harm     .   (no cloak)
rCorr   .          Rampage  .   (gloves unavailable)
Will    .....                   (boots unavailable)
Stlth   +.........              (no amulet)
HPRegen 0.07/turn               (no ring)
MPRegen 0.11/turn               (no ring)

@: very quick
A: very small, no large weapons, unfitting armour, see invisible, speed 3
a: no special abilities


You were on level 1 of the Dungeon.
You visited 1 branch of the dungeon, and saw 2 of its levels.

You collected 91 gold pieces.

Inventory:

Hand Weapons
 a - a +0 rapier (weapon)
Armour
 b - a +0 robe (worn)
 c - a +0 buckler (worn)
Jewellery
 h - a ring of resist corrosion
Scrolls
 e - a scroll of poison {unknown}
 f - 2 scrolls of identify {unknown}
 g - a scroll of immolation {unknown}
 i - a scroll of enchant armour {unknown}
 j - a scroll of torment {unknown}
 k - a scroll of amnesia {unknown}
Potions
 d - a potion of might


   Skills:
 - Level 2.4 Fighting
 + Level 3.4 Short Blades
 + Level 5.0 Dodging
 + Level 2.5 Shields
 * Level 2.3 Spellcasting


You had 7 spell levels left.
You didn't know any spells.
Your spell library contained the following spells:

 Spells                   Type           Power      Damage    Failure   Level
 Apportation              Tloc           2%         N/A       52%         1
 Necrotise                Necr           4%         1d4       52%         1
 Summon Small Mammal      Summ           4%         N/A       52%         1
 Fireball                 Conj/Fire      0%         3d3       100%        5
 Starburst                Conj/Fire      0%         6d3       100%        6
 Ignition                 Fire           0%         3d3       100%        8


Dungeon Overview and Level Annotations

Branches:
Dungeon (2/15)

Altars:


Innate Abilities, Weirdness & Mutations

You are very small and have problems with some larger weapons.
You are too small for most types of armour.
You have supernaturally acute eyesight. (SInv)
You cover ground extremely quickly. (Speed+++)


Message History

You climb upwards.
There is a stone staircase leading down here.
You start resting.
HP restored.
You climb downwards.
There is a stone staircase leading up here.
You aren't carrying any items that you can evoke.
The jelly quivers.
You hit the jelly.
Your hands burn!
The jelly is lightly wounded.
The jelly closely misses you.
You hit the jelly.
Your hands burn!
The jelly is lightly wounded.
The jelly hits you. The acid corrodes you!
You are splashed with acid!
* * * LOW HITPOINT WARNING * * *
You are too injured to fight recklessly!
You are too injured to fight recklessly!
There is a stone staircase leading up here.
You climb upwards.
There is a stone staircase leading down here.
You start resting.
You are no longer corroded.
You start resting.
HP restored.
You climb downwards.
There is a stone staircase leading up here.
The jelly barely misses you.
You climb upwards.
There is a stone staircase leading down here.
You hit the jelly.
Your hands burn!
The jelly is lightly wounded.
You block the jelly's attack. The jelly hits you but does no damage.
You hit the jelly.
Your hands burn!
The jelly is moderately wounded.
The jelly completely misses you.
Unknown command.
You hit the jelly.
Your hands burn!
The jelly is moderately wounded.
The jelly hits you.
You are splashed with acid!
You die...

..##.........# #.#.##.#
..##.........#######.#.##.#
..##...................##.#
..##.........#######.####.##
..##.........# #.......#
..###'#.####################
......#...........[.†.....#
#########################.#
...............J@.......#.#
###########....#######.##.#
....# #..#### #.##.# ###.#
####.## #.##.# # #.# #....#
#.##.# ###.# #.#### #....#
....###.# ###### ######..#
#.##


You could see a jelly.

Vanquished Creatures
  A jelly (D:2)
  2 adders (D:2)
  2 dart slugs
  3 ball pythons (D:1)
  7 endoplasms
  A giant cockroach (D:1)
  2 hobgoblins (D:1)
  6 jackals
  8 kobolds
  2 quokkas
  5 bats
  2 frilled lizards (D:1)
  2 goblins (D:2)
  4 rats
47 creatures vanquished.

Vanquished Creatures (others)
  5 fungi (D:2)
  10 toadstools (D:2)
15 creatures vanquished.

Grand Total: 62 creatures vanquished

Notes
Turn   | Place    | Note
-------+----------+-------------------------------------------
     0 | D:1      | zeram the Spriggan Fighter began the quest for the Orb.
     0 | D:1      | Reached XP level 1. HP: 11/11 MP: 2/2
   407 | D:1      | Reached skill level 1 in Spellcasting
   407 | D:1      | Reached XP level 2. HP: 16/16 MP: 4/4
   834 | D:1      | You fall into a shaft and drop 1 floor!
   864 | D:2      | Reached XP level 3. HP: 15/19 MP: 4/6
  2155 | D:2      | Reached XP level 4. HP: 16/23 MP: 8/8
  2312 | D:2      | Reached skill level 5 in Dodging
  2884 | D:1      | Splashed by a jelly's acid

Illustrated notes

Levels and vault maps discovered:
D:1:      mrwooster_arrival_arrow, layout_basic
D:2:      cheibrodos_fertilizer, layout_basic,
          hellmonk_ecumenical_altar_prayer_group

Skill      XL: |  1  2  3  4 |
---------------+-------------+-----
Spellcasting   | 1 2 |  2.3
Short Blades   | 3 |  3.4
Dodging        | 5 |  5.0
Fighting       | |  2.4
Shields        | |  2.5

Action                   |  1- 3 |  4- 6 || total
-------------------------+-------+-------++-------
Melee: Rapier            |   148 |    24 ||   172
  Use: Potion            |     2 |     2 ||     4
 Stab: Sleeping          |     3 |       ||     3
Armor: Robe              |     8 |     3 ||    11
Dodge: Dodged            |   129 |    14 ||   143
Block: Buckler           |    53 |     3 ||    56
